 Dungeon Crawl Stone Soup version 0.23.2 (webtiles) character file.

Game seed: 11814189710207931303

90111 Peloso the Fencer (level 15, -4/141 HPs)
             Began as a Minotaur Fighter on Apr 7, 2019.
             Was the Champion of Okawaru.
             Slain by a jumping spider (5 damage)
             ... on level 2 of the Lair of Beasts.
             The game lasted 01:01:05 (26488 turns).

Peloso the Fencer (Minotaur Fighter)               Turns: 26488, Time: 01:01:06

Health: -4/141     AC: 15    Str: 28    XL:     15   Next: 51%
Magic:  14/14      EV: 14    Int:  7    God:    Okawaru [******]
Gold:   1219       SH: 16    Dex: 13    Spells: 14/14 levels left

rFire    . . .     SeeInvis .   a - +5 demon blade (flame)
rCold    . . .     Gourm    .   c - +1 shield
rNeg     . . .     Faith    .   q - +5 scale mail of Tomorrow {rElec Slay+4}
rPois    +         Spirit   .   e - +1 hat
rElec    +         Reflect  .   (no cloak)
rCorr    .         Harm     .   (no gloves)
MR       +....                  (no boots)
Stlth    +.........             i - amulet of the acrobat
HPRegen  0.33/turn              A - +4 ring of strength
MPRegen  0.14/turn              g - ring "Moeskeng" {rPois Int+2}

@: starving
A: retaliatory headbutt, horns 2
a: Heroism, Finesse, Renounce Religion


You were on level 2 of the Lair of Beasts.
You worshipped Okawaru.
Okawaru was exalted by your worship.
You were starving.

You visited 4 branches of the dungeon, and saw 23 of its levels.
You visited the Abyss 1 time.
You also visited: Sewer, Ice Cave and Volcano.

You collected 1738 gold pieces.
You spent 519 gold pieces at shops.

Inventory:

Hand Weapons
 a - a +5 demon blade of flaming (weapon)
 b - a +3 double sword of protection
 z - the +4 scimitar "Dixzoru" {speed, Dex+4}
   (Okawaru gifted it to you on level 13 of the Dungeon)

   Attacks with this weapon are significantly faster.
   It affects your dexterity (+4).
 C - the +3 quarterstaff "Kaikaf" {antimagic, Int+3, unknown}
   (Okawaru gifted it to you on level 14 of the Dungeon)

   It reduces the magical energy of the wielder, and disrupts the spells and
   magical abilities of those hit.
   Natural abilities and divine invocations are not affected.
   It affects your intelligence (+3).
Armour
 c - a +1 shield (worn)
 e - a +1 hat (worn)
 p - a +3 plate armour of fire resistance
 q - the +5 scale mail of Tomorrow (worn) {rElec Slay+4}
   (Okawaru gifted it to you in an ice cave)

   It affects your accuracy and damage with ranged weapons and melee attacks
   (+4).
   It insulates you from electricity.
 y - +0 acid dragon scales
Jewellery
 g - the ring "Moeskeng" (right hand) {rPois Int+2}
   (You found it on level 2 of the Lair of Beasts)

   [ring of poison resistance]

   It affects your intelligence (+2).
   It protects you from poison.
 i - an amulet of the acrobat (around neck)
 j - a +3 ring of strength
 v - an uncursed ring of protection from cold
 A - a +4 ring of strength (left hand)
 B - an uncursed ring of magical power {unknown}
Wands
 t - a wand of iceblast (10)
 x - a wand of digging (11)
 H - a wand of flame (9)
Scrolls
 k - 2 scrolls of fog
 l - 7 scrolls of teleportation
 r - 4 scrolls of blinking
 s - a scroll of fear
 u - a scroll of identify
 w - a scroll of amnesia
 F - 4 scrolls of remove curse
 I - 2 scrolls of magic mapping
 K - 2 scrolls of noise {unknown}
 P - a scroll of summoning
Potions
 d - a potion of resistance
 h - 4 potions of agility
 m - 6 potions of curing
 n - 2 potions of invisibility
 o - 3 potions of berserk rage
 D - 6 potions of might
 E - 4 potions of flight
 G - 2 potions of cancellation
 M - 6 potions of haste
 U - a potion of heal wounds
Miscellaneous
 J - a phial of floods
Comestibles
 f - 52 rations


   Skills:
 + Level 15.2 Fighting
 + Level 17.3 Long Blades
 + Level 14.4 Armour
 + Level 6.3 Dodging
 + Level 1.8 Stealth
 + Level 16.6 Shields
 + Level 0.9 Invocations
 + Level 1.0 Evocations


You had 14 spell levels left.
You didn't know any spells.
Your spell library contained the following spells:

 Spells                   Type           Power        Failure   Level  Hunger
 Animate Skeleton         Necr           N/A          63%         1    ##.....
 Apportation              Tloc           #.....       63%         1    ##.....
 Beastly Appendage        Tmut           #.....       63%         1    ##.....
 Confusing Touch          Hex            #.....       63%         1    ##.....
 Infusion                 Chrm           #...         63%         1    ##.....
 Magic Dart               Conj           #...         63%         1    ##.....
 Pain                     Necr           #...         63%         1    ##.....
 Summon Small Mammal      Summ           #...         63%         1    ##.....
 Call Imp                 Summ           #.......     77%         2    ###....
 Searing Ray              Conj           #.....       77%         2    ###....
 Shroud of Golubria       Chrm/Tloc      #.........   77%         2    ###....
 Song of Slaying          Chrm           #.......     77%         2    ###....
 Sticks to Snakes         Tmut           #.......     77%         2    ###....
 Call Canine Familiar     Summ           #.......     94%         3    ####...
 Confuse                  Hex            #.......     94%         3    ####...
 Dazzling Spray           Conj/Hex       #.....       94%         3    ####...
 Gell's Gravitas          Tloc           #.........   94%         3    ####...
 Regeneration             Chrm/Necr      #.........   94%         3    ####...
 Spectral Weapon          Hex/Chrm       #.......     94%         3    ####...
 Spider Form              Tmut/Pois      #.........   94%         3    ####...
 Summon Guardian Golem    Hex/Summ       #.......     94%         3    ####...
 Vampiric Draining        Necr           #.........   94%         3    ####...
 Animate Dead             Necr           N/A          100%        4    #####..
 Cause Fear               Hex            #.........   100%        4    #####..
 Force Lance              Conj/Tloc      #.......     100%        4    #####..
 Fulminant Prism          Conj/Hex       #.........   100%        4    #####..
 Ice Form                 Ice/Tmut       #.......     100%        4    #####..
 Iskenderun's Mystic Bla  Conj           #.......     100%        4    #####..
 Petrify                  Tmut/Erth      #.......     100%        4    #####..
 Summon Ice Beast         Ice/Summ       #.......     100%        4    #####..
 Summon Lightning Spire   Summ/Air       #.......     100%        4    #####..
 Blade Hands              Tmut           #.........   100%        5    ######.
 Metabolic Englaciation   Hex/Ice        #.........   100%        5    ######.
 Silence                  Hex/Air        #.........   100%        5    ######.
 Yara's Violent Unravell  Hex/Tmut       #.........   100%        5    ######.
 Bolt of Cold             Conj/Ice       #.........   100%        6    #######
 Conjure Ball Lightning   Conj/Air       #.........   100%        6    #######
 Deflect Missiles         Chrm/Air       #.........   100%        6    #######
 Freezing Cloud           Conj/Ice/Air   #.........   100%        6    #######
 Ozocubu's Refrigeration  Ice            #.........   100%        6    #######
 Simulacrum               Ice/Necr       #.........   100%        6    #######
 Discord                  Hex            #.........   100%        8    #######
 Tornado                  Air            #.........   100%        9    #######


Dungeon Overview and Level Annotations

Branches:
Dungeon (15/15)            Temple (1/1) D:6            Lair (6/6) D:9
 Shoals (0/4) Lair:3       Spider (1/4) Lair:2        Slime (0/5) Lair:5
    Orc (0/2) D:11         Vaults (0/5) D:14         Depths (0/5) D:15

Altars:
Ashenzari
Cheibriados
Dithmenos
Fedhas
Gozag
Hepliaklqana
Kikubaaqudgha
Makhleb
Nemelex Xobeh
Okawaru
Qazlal
Ru
Sif Muna
Trog
Uskayaw
Xom
Yredelemnul
Zin
The Shining One

Shops:
D:9 :=*!*   D:12 *


Innate Abilities, Weirdness & Mutations

You reflexively headbutt those who attack you in melee.
You have a pair of horns on your head.


Message History

You block the wolf spider's attack. The wolf spider closely misses you.
You closely miss the jumping spider.
You headbutt the jumping spider, but do no damage.
The jumping spider is heavily wounded.
You feel sick. The jumping spider pounces on you!
* * * LOW HITPOINT WARNING * * *
You block the jumping spider's attack.
Unknown command.
You feel better. The wolf spider hits you!
* * * LOW HITPOINT WARNING * * *
The wolf spider bites you!
* * * LOW HITPOINT WARNING * * *
The jumping spider pounces on you but does no damage.
You block the jumping spider's attack. The wolf spider barely misses you.
The wolf spider bites you.
* * * LOW HITPOINT WARNING * * *
The jumping spider pounces on you.
* * * LOW HITPOINT WARNING * * *
The jumping spider bites you.
You die...

###.## ##)## ##.#†#### #.# #
#....##.# ##.# # ###.^#..##
#..# # ## ##.####^^### ##..##
# P### #.##^.#....###..>.#####
.#.####
##....#^#.#.###....#.##
...#..#
#.#^.^..#.#.###........
###..##
###.#^.^@s^...P#P........ #
##..#
#...##.s#..##.##...PP.... ##.#
#P#^#..#^##..#...#.####.. #..#
####..^^.##.....###.##..# #P.#
#.^.^#^.^#....#####..# #P.#
###.[..^^#.....## ##.###
#..####...##.####....####.##
####....P#..#######.......#.##
..........).#####...#.##....#


You could see a wolf spider and a jumping spider.

Vanquished Creatures
  Rupert (Lair:3)
  Louise (D:15)
  An emperor scorpion (Spider:1)
  An ettin (D:15)
  Josephine (D:10)
  A vault guard (D:14)
  4 hydras
  Erica (Lair:1)
  Fannar (D:10)
  2 centaur warriors
  2 catoblepae
  A death knight (D:15)
  4 death yaks (Lair:6)
  An ogre mage (D:15)
  6 two-headed ogres
  4 thrashing horrors (Abyss:3)
  Urug (Lair:2)
  Sonja (Lair:2)
  A deep elf knight (D:15)
  A hell knight (Volcano)
  5 skeletal warriors (D:15)
  An unseen horror (D:13)
  A deep troll (D:15)
  A wizard (D:15)
  A phantasmal warrior (D:15)
  A necromancer (IceCv)
  2 ugly things (D:12)
  3 wolf spiders
  A deep elf mage (D:12)
  4 cyclopes
  2 manticores
  6 elephants (Lair:6)
  3 centaur zombies (D:14)
  A guardian serpent (Lair:6)
  2 ice statues
  A smoke demon (Abyss:3)
  12 black mambas
  2 gargoyles
  9 spiny frogs
  3 rime drakes
  An efreet (D:14)
  A redback zombie (D:15)
  A yaktaur (Volcano)
  11 freezing wraiths
  9 komodo dragons
  An ancient zyme (Abyss:3)
  5 trolls
  4 hornets
  7 slime creatures
  A wolf spider simulacrum (D:15)
  Prince Ribbit (D:8)
  7 hippogriffs
  10 dream sheep (Lair:5)
  A meliai zombie (D:14)
  13 blink frogs
  Sigmund (D:3)
  2 shadows
  16 wyverns
  A vampire (D:12)
  A water elemental (D:12)
  6 wraiths
  A basilisk (Lair:5)
  4 redbacks
  2 tarantellas (Spider:1)
  44 yaks
  6 vampire mosquitoes
  A hungry ghost (D:10)
  3 death yak simulacra (IceCv)
  2 steam dragons
  2 wargs (D:11)
  3 acid dragons
  A soldier ant (D:11)
  17 water moccasins
  4 porcupines
  7 orc warriors
  3 sky beasts
  13 ice beasts
  A phantom (D:6)
  An eye of draining (D:11)
  3 ogres
  14 wolves
  20 centaurs
  9 crocodiles
  17 bullfrogs
  A wyvern zombie (D:12)
  A wyvern skeleton (D:12)
  4 scorpions
  An elephant simulacrum (IceCv)
  4 wights (D:14)
  7 killer bees
  7 howler monkeys
  2 electric eels
  9 crimson imps
  4 bullfrog zombies
  5 draconian simulacra (IceCv)
  5 starcursed masses (Abyss:3)
  A quasit (D:11)
  A bullfrog skeleton (D:7)
  7 orc priests
  8 jellies
  A gnoll shaman (D:7)
  7 hounds
  10 orc wizards
  9 centaur skeletons
  Ijyb (D:5)
  Terence (D:2)
  3 iguanas
  11 worker ants
  3 troll simulacra (IceCv)
  A spriggan simulacrum (IceCv)
  3 centaur simulacra (IceCv)
  3 hound skeletons
  A howler monkey zombie (D:6)
  3 gnolls (D:7)
  2 howler monkey skeletons
  A worker ant zombie (D:8)
  22 adders
  5 naga simulacra (IceCv)
  A river rat (D:3)
  3 ogre simulacra (IceCv)
  2 shadow imps (D:14)
  12 white imps (IceCv)
  6 oozes
  An adder skeleton (D:4)
  3 worms
  A dart slug (D:3)
  5 leopard geckos
  42 orcs
  11 ball pythons
  12 bats
  11 giant cockroaches
  8 goblins
  17 hobgoblins
  5 jackals
  3 quokkas
  12 frilled lizards
  8 kobolds
  2 leopard gecko zombies
  2 quokka skeletons
  13 rats
  A fungus (Lair:6)
  3 plants
713 creatures vanquished.

Vanquished Creatures (others)
  A porcupine (Lair:5)
  17 fungi
  31 plants
49 creatures vanquished.

Grand Total: 762 creatures vanquished

Notes
Turn   | Place    | Note
-------+----------+-------------------------------------------
     0 | D:1      | Peloso the Minotaur Fighter began the quest for the Orb.
     0 | D:1      | Reached XP level 1. HP: 19/19 MP: 0/0
   120 | D:1      | Reached XP level 2. HP: 26/27 MP: 1/1
   541 | D:1      | Reached XP level 3. HP: 28/34 MP: 2/2
  1024 | D:2      | Noticed Terence
  1038 | D:2      | Killed Terence
  1038 | D:2      | Reached skill level 3 in Long Blades
  1091 | D:2      | Reached XP level 4. HP: 38/41 MP: 3/3
  1790 | D:3      | Noticed Sigmund
  1818 | D:3      | Killed Sigmund
  1818 | D:3      | Reached skill level 5 in Long Blades
  1818 | D:3      | Reached skill level 5 in Shields
  1818 | D:3      | Reached XP level 5. HP: 17/47 MP: 4/4
  1829 | D:3      | Noticed an ice beast
  1836 | D:3      | Killed an ice beast
  1836 | D:3      | Reached skill level 1 in Dodging
  1836 | D:3      | Reached XP level 6. HP: 12/55 MP: 5/5
  1959 | D:3      | Found a glowing drain.
  1964 | Sewer    | Entered a sewer
  1981 | Sewer    | Reached skill level 5 in Fighting
  2009 | Sewer    | Reached skill level 5 in Armour
  2244 | Sewer    | Reached skill level 6 in Long Blades
  2244 | Sewer    | Reached XP level 7. HP: 56/61 MP: 6/6
  3720 | D:4      | Reached skill level 7 in Long Blades
  4019 | D:5      | Entered Level 5 of the Dungeon
  4149 | D:5      | Noticed a steam dragon
  4165 | D:5      | Killed a steam dragon
  4165 | D:5      | Reached XP level 8. HP: 32/69 MP: 7/7
  4368 | D:5      | Found a bloodstained altar of Trog.
  4368 | D:5      | Found a deep blue altar of Sif Muna.
  4386 | D:5      | Found a sacrificial altar of Ru.
  4417 | D:5      | Reached skill level 8 in Long Blades
  4623 | D:5      | Noticed Ijyb
  4629 | D:5      | Killed Ijyb
  4879 | D:6      | Reached skill level 9 in Long Blades
  5057 | D:6      | Found a shattered altar of Ashenzari.
  5216 | D:6      | Found a staircase to the Ecumenical Temple.
  5230 | Temple   | Entered the Ecumenical Temple
  5238 | Temple   | Became a worshipper of Warmaster Okawaru
  5647 | D:7      | Reached XP level 9. HP: 57/75 MP: 8/8
  5736 | D:7      | Found a sparkling altar of Nemelex Xobeh.
  5800 | D:7      | Reached skill level 10 in Long Blades
  5950 | D:7      | Found a shadowy altar of Dithmenos.
  6028 | D:7      | Found a shadowy altar of Dithmenos.
  6033 | D:7      | Found a hide-covered altar of Uskayaw.
  6036 | D:7      | Found a glowing silver altar of Zin.
  6087 | D:7      | Found a basalt altar of Yredelemnul.
  6311 | D:8      | Reached * piety under Okawaru
  6712 | D:8      | Noticed Prince Ribbit
  6719 | D:8      | Killed Prince Ribbit
  6851 | D:8      | Noticed a two-headed ogre
  6862 | D:8      | Killed a two-headed ogre
  6862 | D:8      | Reached ** piety under Okawaru
  6862 | D:8      | Reached skill level 11 in Long Blades
  7346 | D:9      | Reached XP level 10. HP: 86/86 MP: 9/9
  7351 | D:9      | Found a staircase to the Lair.
  7434 | D:9      | Found Vonoiw's Jewellery Boutique.
  7461 | D:9      | Found Wefevick's Book Shop.
  7758 | D:9      | Found Rofanwag's General Store.
  7766 | D:9      | Bought a scroll of enchant armour for 90 gold pieces
  7806 | D:9      | Found Emokh's Distillery.
  7812 | D:9      | Bought a potion of curing for 39 gold pieces
  7812 | D:9      | Bought a potion of flight for 39 gold pieces
  7812 | D:9      | Bought a potion of might for 52 gold pieces
  7812 | D:9      | Bought a potion of haste for 130 gold pieces
  7812 | D:9      | Bought a potion of cancellation for 104 gold pieces
  8032 | D:9      | Found Usoerch's Assorted Antiques.
  8100 | D:10     | Entered Level 10 of the Dungeon
  8102 | D:10     | Got a faintly glowing dire flail
  8111 | D:10     | Identified the +3 dire flail of Tigezioh {freeze, Str+2}
                  | (You found it on level 10 of the Dungeon)
  8140 | D:10     | Noticed Josephine
  8160 | D:10     | Noticed a two-headed ogre
  8162 | D:10     | Killed Josephine
  8162 | D:10     | Reached *** piety under Okawaru
  8162 | D:10     | Reached skill level 12 in Long Blades
  8168 | D:10     | Killed a two-headed ogre
  8168 | D:10     | Reached **** piety under Okawaru
  8457 | D:10     | Received a gift from Okawaru
  8634 | D:10     | Noticed Fannar
  8664 | D:10     | Killed Fannar
  8664 | D:10     | Reached XP level 11. HP: 33/97 MP: 8/10
  9009 | D:10     | Found an ancient bone altar of Kikubaaqudgha.
  9179 | D:10     | Reached skill level 10 in Shields
  9809 | D:11     | Reached ***** piety under Okawaru
  9869 | D:11     | Reached skill level 13 in Long Blades
 10674 | D:11     | Reached skill level 10 in Armour
 10989 | D:11     | Found a staircase to the Orcish Mines.
 11623 | D:12     | Received a gift from Okawaru
 12080 | D:12     | Found Tasi's General Store.
 12086 | D:12     | Bought a potion of heal wounds for 65 gold pieces
 12147 | D:12     | Noticed a six-headed hydra
 12155 | D:12     | Killed a one-headed hydra
 12173 | D:12     | Noticed a deep elf mage
 12175 | D:12     | Killed a deep elf mage
 12288 | D:12     | Reached skill level 10 in Fighting
 12439 | D:12     | Reached XP level 12. HP: 70/106 MP: 11/11
 12474 | D:12     | Reached skill level 14 in Long Blades
 12629 | D:12     | Got a heavily runed iron amulet
 12636 | D:12     | Found an iron altar of Okawaru.
 13568 | Lair:1   | Entered Level 1 of the Lair of Beasts
 13659 | Lair:1   | Noticed Erica
 13679 | Lair:1   | Killed Erica
 13679 | Lair:1   | Received a gift from Okawaru
 13687 | Lair:1   | Identified the amulet "Fafab" {Inacc rPois rC+ Str+4} (You
                  | found it on level 12 of the Dungeon)
 14763 | Lair:2   | Found a dark tunnel.
 14797 | Volcano  | Entered a volcano
 14837 | Volcano  | Noticed a centaur warrior
 14843 | Volcano  | Killed a centaur warrior
 15210 | Lair:2   | Found a hole to the Spider Nest.
 15225 | Lair:2   | Got a sparkling iron ring
 15227 | Lair:2   | Identified the ring "Moeskeng" {rPois Int+2} (You found it
                  | on level 2 of the Lair of Beasts)
 15290 | Lair:2   | Reached skill level 1 in Stealth
 15426 | Lair:2   | Noticed Sonja
 15438 | Lair:2   | Killed Sonja
 15724 | Lair:2   | Reached ****** piety under Okawaru
 15724 | Lair:2   | Reached skill level 1 in Evocations
 15946 | Lair:2   | Noticed a four-headed hydra
 15952 | Lair:2   | Killed a one-headed hydra
 15989 | Lair:2   | Noticed Urug
 15999 | Lair:2   | Killed Urug
 15999 | Lair:2   | Received a gift from Okawaru
 16197 | Lair:3   | Reached XP level 13. HP: 87/117 MP: 12/12
 16481 | Lair:3   | Reached skill level 15 in Long Blades
 16732 | Lair:3   | Noticed Rupert
 16748 | Lair:3   | Killed Rupert
 16754 | Lair:3   | Found a staircase to the Shoals.
 17199 | Lair:4   | Found a frozen archway.
 17290 | IceCv    | Entered an ice cave
 17300 | IceCv    | HP: 4/118 [death yak simulacrum (20)]
 18047 | IceCv    | Received a gift from Okawaru
 18050 | IceCv    | Got a scorched scale mail {god gift}
 18079 | IceCv    | Found an ancient bone altar of Kikubaaqudgha.
 19185 | Lair:5   | Found a staircase to the Slime Pits.
 19659 | Lair:5   | Reached XP level 14. HP: 126/129 MP: 13/13
 19947 | Lair:5   | Reached skill level 16 in Long Blades
 20158 | Lair:6   | Entered Level 6 of the Lair of Beasts
 20223 | Lair:6   | Received a gift from Okawaru
 20945 | Lair:6   | Reached skill level 15 in Shields
 22004 | Lair:1   | Identified the +5 scale mail of Tomorrow {rElec Slay+4}
                  | (Okawaru gifted it to you in an ice cave)
 22804 | D:13     | Received a gift from Okawaru
 22811 | D:13     | Got a pitted scimitar {god gift}
 22812 | D:13     | Identified the +4 scimitar "Dixzoru" {speed, Dex+4}
                  | (Okawaru gifted it to you on level 13 of the Dungeon)
 23140 | D:13     | Reached skill level 5 in Dodging
 23690 | D:14     | You fall through a shaft!
 23690 | D:15     | Entered Level 15 of the Dungeon
 24255 | D:14     | Reached XP level 15. HP: 139/139 MP: 14/14
 24272 | D:14     | Received a gift from Okawaru
 24277 | D:14     | Got an ancient quarterstaff {god gift}
 24288 | D:14     | Found a gate to the Vaults.
 24571 | D:14     | Found a shadowy altar of Dithmenos.
 25099 | D:15     | Cast into level 3 of the Abyss (a wizard)
 25133 | Abyss:3  | Found a corrupted altar of Lugonu.
 25220 | Abyss:3  | Reached skill level 17 in Long Blades
 25360 | D:15     | Escaped the Abyss
 25400 | D:15     | Received a gift from Okawaru
 25803 | D:15     | Reached skill level 15 in Fighting
 26012 | D:15     | Noticed Louise
 26037 | D:15     | Killed Louise
 26065 | D:15     | Found a staircase to the Depths.
 26440 | Spider:1 | Entered Level 1 of the Spider Nest
 26488 | Lair:2   | HP: 2/141 [wolf spider (6)]
 26488 | Lair:2   | Slain by a jumping spider

Skill      XL: |  1  2  3  4  5  6  7  8  9 10 11 12 13 14 15 |
---------------+----------------------------------------------+-----
Fighting       | 4 5 6 7 9 10 11 13 14 15 | 15.2
Shields        | 4 5 6 8 9 11 13 14 15 16 | 16.6
Long Blades    | 3 5 6 7 9 11 12 13 14 15 16 17 | 17.3
Armour         | 4 5 6 7 9 10 12 13 14 | 14.4
Dodging        | 1 2 3 4 5 6 |  6.3
Stealth        | 1 |  1.8
Evocations     | 1 |  1.0
Invocations    | |  0.9

Action                   |  1- 3 |  4- 6 |  7- 9 | 10-12 | 13-15 || total
-------------------------+-------+-------+-------+-------+-------++-------
Melee: Long sword        |    66 |   146 |   341 |   435 |       ||   988
       Headbutt          |    15 |    23 |    90 |   205 |   257 ||   590
       Demon blade       |       |       |       |   303 |   937 ||  1240
Invok: Heroism           |       |       |     1 |     6 |     1 ||     8
Evoke: Wand              |       |       |       |     4 |       ||     4
  Use: Scroll            |       |     6 |     7 |    16 |     6 ||    35
       Potion            |       |     1 |       |     1 |     2 ||     4
  Eat: Chunk             |       |     4 |    16 |    22 |    29 ||    71
       Ration            |       |       |       |     2 |     1 ||     3
Armor: Scale mail        |    28 |       |       |       |    80 ||   108
       Chain mail        |       |    80 |   124 |     8 |       ||   212
       Plate armour      |       |       |       |   237 |   154 ||   391
Dodge: Dodged            |    19 |    28 |   100 |   202 |   350 ||   699
Block: Shield            |    37 |    83 |   192 |   416 |   680 ||  1408
       Rpst.: Long sword |     7 |     7 |    21 |    30 |       ||    65
       Demon blade       |       |       |       |    14 |    94 ||   108
